 Dungeon Crawl Stone Soup version 0.29-a0-284-gf9362112df (webtiles) character file.

Game seed: 4828305482297385665

428 stonesoup the Skirmisher (level 6, -7/50 HPs)
             Began as a Demonspawn Berserker on Mar 24, 2022.
             Was a Priest of Trog.
             Mangled by stonesoup's ghost (12 damage)
             ... on level 4 of the Dungeon.
             The game lasted 00:10:37 (3946 turns).

stonesoup the Skirmisher (Demonspawn Berserker)     Turns: 3946, Time: 00:10:38

Health: -7/50      AC:  7    Str: 19    XL:     6   Next: 65%
Magic:  6/6        EV: 12    Int: 11    God:    Trog [***...]
Gold:   178        SH:  0    Dex: 13    Spells: 5/5 levels left

rFire   . . .      SeeInvis +   w - +4 spear of the Sky {vorpal, Int+3}
rCold   . . .      Faith    .   (no shield)
rNeg    + . .      Spirit   .   p - +2 ring mail "Xyqo" {rN+ rCorr SInv}
rPois   .          Reflect  .   (no helmet)
rElec   .          Harm     .   (no cloak)
rCorr   +          Rampage  .   (no gloves)
Will    +++..                   (no boots)
Stlth   +.........              m - amulet of magic regeneration
HPRegen 1.16/turn               y - ring of willpower
MPRegen 0.50/turn               (no ring)

@: strong-willed, on berserk cooldown, regenerating, hasted, very quick
A: hooves 1, ignite blood 1, sturdy frame 1
a: Renounce Religion, Berserk, Trog's Hand


You were on level 4 of the Dungeon.
You worshipped Trog.
Trog was most pleased with you.
You visited 1 branch of the dungeon, and saw 4 of its levels.
You also visited: Sewer.

You collected 178 gold pieces.

Inventory:

Hand Weapons
 a - a +0 spear
 u - a +0 halberd
 v - a +0 flail
 w - the +4 spear of the Sky (weapon) {vorpal, Int+3}
   (You found it on level 4 of the Dungeon)

   It inflicts extra damage upon your enemies.
   Int:       It affects your intelligence (+3).
Armour
 b - a +0 animal skin
 i - a +0 leather armour
 j - a +0 ring mail
 p - the +2 ring mail "Xyqo" (worn) {rN+ rCorr SInv}
   (You found it on level 2 of the Dungeon)

   rN:        It protects you from negative energy.
   SInv:      It lets you see invisible.
   rCorr:     It protects you from acid and corrosion.
Jewellery
 m - an amulet of magic regeneration (around neck)
 y - a ring of willpower (left hand)
 C - an amulet of the acrobat
Wands
 B - a wand of iceblast (13)
Scrolls
 c - 2 scrolls of enchant armour {unknown}
 h - 5 scrolls of brand weapon {unknown}
 k - 2 scrolls of teleportation {unknown}
 o - a scroll of holy word {unknown}
 q - a scroll of amnesia {unknown}
 r - a scroll of fog {unknown}
 s - a scroll of vulnerability {unknown}
 t - 3 scrolls of identify {unknown}
 A - a scroll of magic mapping {unknown}
Potions
 d - a potion of might {unknown}
 e - 2 potions of degeneration {unknown}
 l - 2 potions of mutation {unknown}
 n - a potion of invisibility {unknown}
 x - a potion of curing {unknown}
 z - 3 potions of flight


   Skills:
 * Level 4.9 Fighting
 * Level 4.4 Polearms
 - Level 2.1 Armour
 * Level 3.9 Dodging


You had 5 spell levels left.
You didn't know any spells.
Your spell library was empty.

Dungeon Overview and Level Annotations

Branches:
Dungeon (4/15)              Sewer (visited)
 Temple: D:4-7

Altars:
Cheibriados
Hepliaklqana
Trog

Annotations:
D:4 stonesoup's ghost, amateur PaBe


Innate Abilities, Weirdness & Mutations

You have large cloven feet.
Your demonic aura sometimes causes spilled blood to erupt in flames.
Your movements are slightly less encumbered by armour. (ER -2)


Message History

Your skin crawls.
You feel strong-willed. Stonesoup's ghost hits you. Stonesoup's ghost hits you!
You hit stonesoup's ghost but do no damage.
Your kick misses stonesoup's ghost.
Stonesoup's ghost is heavily damaged.
Stonesoup's ghost hits you!
You hit stonesoup's ghost.
Stonesoup's ghost is severely damaged.
You feel yourself speed up. Stonesoup's ghost barely misses you.
You hit stonesoup's ghost but do no damage.
Your kick misses stonesoup's ghost.
Stonesoup's ghost is severely damaged.
Stonesoup's ghost hits you but does no damage.
You completely miss stonesoup's ghost.
Stonesoup's ghost is severely damaged.
Stonesoup's ghost hits you!
* * * LOW HITPOINT WARNING * * *
You feel much better. Stonesoup's ghost closely misses you.
You hit stonesoup's ghost but do no damage.
You kick stonesoup's ghost, but do no damage.
Stonesoup's ghost is severely damaged.
Stonesoup's ghost hits you!
You hit stonesoup's ghost. Your kick misses stonesoup's ghost.
Stonesoup's ghost is severely damaged.
Stonesoup's ghost closely misses you.
It was a potion of haste.
You feel yourself speed up. Stonesoup's ghost hits you!
* * * LOW HITPOINT WARNING * * *
You barely miss stonesoup's ghost. You kick stonesoup's ghost.
Stonesoup's ghost is almost destroyed.
Stonesoup's ghost hits you!
* * * LOW HITPOINT WARNING * * *
You hit stonesoup's ghost. Your kick misses stonesoup's ghost.
Stonesoup's ghost is almost destroyed.
You hit stonesoup's ghost but do no damage.
Stonesoup's ghost is almost destroyed.
Stonesoup's ghost hits you!
You die...

.........).....# ..#......#######
.##.....##$♣⌠♣####
..#....##8....#..# ####
.......#......#..### ##..#
###....#♣.....'....## ##....
≈≈#...##⌠.....'.....## #...##
≈≈#...# ♣.....'......# #...##
≈≈#...##$.....#W@...## ###....#
###....##8....#...########.#.....
........##$♣⌠♣#.....#..##........
...##....######.........#........
##.####....#..#.............#..##
##..#.......).................###
.........####..##.........#.#.#
..###....#####..#.....†...#.###
..# #.#...<..#.........####...#


You could see stonesoup's ghost.

Vanquished Creatures
  The ghost of ooooo the Caller, an amateur OpSu of Gozag (D:4)
  A kobold brigand (Sewer)
  A hound (D:3)
  An iguana (D:2)
  A river rat (Sewer)
  7 adders
  3 gnolls (D:3)
  A dart slug (D:3)
  5 orcs
  11 endoplasms
  6 giant cockroaches
  3 goblins
  6 hobgoblins
  A jackal (Sewer)
  4 quokkas
  10 ball pythons
  3 bats
  9 frilled lizards
  15 kobolds
  7 rats
96 creatures vanquished.

Notes
Turn   | Place    | Note
-------+----------+-------------------------------------------
     0 | D:1      | stonesoup the Demonspawn Berserker began the quest for the
                  | Orb.
     0 | D:1      | Reached XP level 1. HP: 18/18 MP: 1/1
   203 | D:1      | Found a faded altar of an unknown god.
   352 | D:1      | Gained mutation: You have large cloven feet. [demonic
                  | ancestry]
   352 | D:1      | Reached XP level 2. HP: 17/24 MP: 2/2
  1102 | D:2      | Reached XP level 3. HP: 28/29 MP: 3/3
  1311 | D:2      | Reached ** piety under Trog
  1341 | D:2      | Identified the +2 ring mail "Xyqo" {rN+ rCorr SInv}
  1561 | D:2      | Gained mutation: Your demonic aura sometimes causes spilled
                  | blood to erupt in flames. [demonic ancestry]
  1561 | D:2      | Reached XP level 4. HP: 17/37 MP: 4/4
  1916 | D:3      | Found a hazy altar of Hepliaklqana.
  2410 | D:3      | Gained mutation: Your movements are slightly less
                  | encumbered by armour. (ER -2) [demonic ancestry]
  2410 | D:3      | Reached XP level 5. HP: 42/42 MP: 5/5
  3156 | D:4      | Identified the +4 spear of the Sky {vorpal, Int+3}
  3162 | D:4      | Found a glowing drain.
  3208 | Sewer    | Entered a sewer
  3227 | Sewer    | Reached *** piety under Trog
  3275 | Sewer    | Reached XP level 6. HP: 49/49 MP: 6/6
  3566 | D:4      | Found a snail-covered altar of Cheibriados.
  3710 | D:4      | Found a bloodstained altar of Trog.
  3793 | D:4      | Found a runed translucent gate.
  3793 | D:4      | Found a runed translucent gate.
  3793 | D:4      | Found a runed translucent gate.
  3794 | D:4      | Noticed stonesoup's ghost (amateur PaBe)
  3795 | D:4      | Noticed ooooo's ghost (amateur OpSu)
  3934 | D:4      | Killed ooooo's ghost
  3946 | D:4      | Mangled by stonesoup's ghost

Illustrated notes

Levels and vault maps discovered:
D:1:      psy_arrival_dodecagon, layout_basic, basic_ecumenical_altar,
          minmay_misc_feat_rugged, minmay_cupped
D:2:      layout_loops_ring, minmay_tromino_v4_a
D:3:      layout_loops_ring, nzn_hepliaklqana_mist_gate
D:4:      layout_cave_pools, lemuel_tele_altar, mainiacjoe_overflow_alcove_4,
          gammafunk_ghost_cemetery, gup_sewer_entry_glass, guppyfry_shop_venom

Skill      XL: |  1  2  3  4  5 |
---------------+----------------+-----
Dodging        | 2 3 |  3.9
Armour         | 2 |  2.1
Polearms       | 3 4 |  4.4
Fighting       | 4 |  4.9

Action                   |  1- 3 |  4- 6 || total
-------------------------+-------+-------++-------
Melee: Spear             |   125 |   154 ||   279
       Staff             |     4 |       ||     4
       Kick              |    19 |    23 ||    42
       Halberd           |       |    34 ||    34
Invok: Berserk           |     1 |     4 ||     5
       Trog's Hand       |       |     2 ||     2
  Use: Potion            |       |     8 ||     8
Armor: Animal skin       |    10 |       ||    10
       Ring mail         |    21 |    81 ||   102
Dodge: Dodged            |    57 |   100 ||   157

Table legend: (Time is in decaauts)
 A = Elapsed time spent in this place.
 B = Non-inter-level travel time spent in this place.
 C = Inter-level travel time spent in this place.
 D = Time resting spent in this place.
 E = Time spent auto-exploring this place.
 F = Levels seen in this place.
 G = Mean time per level.
                   A        B        C        D        E       F      G
               +--------+--------+--------+--------+--------+-----+--------+
         Total |   4054 |   3873 |    181 |    479 |   2231 |   5 |  810.8 |
       Dungeon |   3678 |   3497 |    181 |    479 |   2231 |   4 |  919.5 |
         Sewer |    376 |    376 |      0 |      0 |      0 |   1 |  376.0 |
               +--------+--------+--------+--------+--------+-----+--------+

Top non-repeatable levels by time:
     D:3: 1148 daAuts
     D:2: 1045 daAuts
     D:1: 879 daAuts
     D:4: 604 daAuts
   Sewer: 376 daAuts
